Map: Ice and Chrome LE

Players

Garitos

  • Race: Zerg Zerg
  • League: Grandmaster
  • Spawn Location: 7:00

Van (Vanya) - Winner!

  • Race: Zerg Zerg
  • Spawn Location: 1:00

Event: DreamHack SC2 Masters 2020 Fall

VOD

Have the link to the VOD?

Description

Time

  • Played on: Aug. 26, 2020, 1:13 p.m.
  • Length: 6:58

All games in this series

Show
View Real Time Build Order
Export as new Build Order

Garitos Zerg 

Build Orders: 1 Base Baneling Bust, Pool First 

Get SALT Encoding   

  12  0:00  Drone  
  12  0:07  Extractor  
  12  0:24  Spawning Pool  
  11  0:30  Drone  
  11  0:33  Drone  
  13  0:46  Overlord  
  13  1:10  Metabolic Boost  
  13  1:11  Zergling x6  
  16  1:22  Zergling x2  
  17  1:28  Baneling Nest  
  17  1:32  Zergling x2  
  17  1:44  Zergling x2  
  18  2:06  Hatchery  
  17  2:13  Spine Crawler  
  17  2:14  Baneling  
  17  2:15  Zergling x4  
  19  2:16  Zergling x2  
  19  2:32  Baneling  
  19  2:33  Zergling x2  
  19  2:36  Baneling  
  18  2:47  Zergling x2  
  17  3:00  Zergling x4  
  17  3:10  Queen, Baneling  
  19  3:16  Zergling x2  
  19  3:22  Drone  
  20  3:33  Drone  
  18  3:42  Hatchery  
  18  3:44  Baneling  
  18  3:47  Drone  
  18  3:53  Drone  
  19  4:09  Drone  
  18  4:21  Hatchery  
  17  4:26  Drone  
  18  4:34  Drone x2  
  20  4:41  Drone  
  20  4:42  Drone  
  22  4:54  Overlord  
  22  5:03  Drone x2  
  24  5:08  Roach Warren  
  24  5:11  Drone  
  23  5:16  Drone  
  23  5:19  Drone  
  25  5:21  Drone  
  26  5:48  Roach x2  
  26  5:49  Roach x3  
  36  5:51  Roach x2  
  40  6:06  Overlord  
  40  6:12  Overlord  
  40  6:16  Overlord  
  40  6:20  Zergling x2  
  40  6:22  Baneling  
  40  6:24  Zergling x12  
  47  6:26  Zergling x2  
  47  6:27  Ravager  
  47  6:30  Zergling x2  
  47  6:31  Zergling x2  
  51  6:34  Zergling x2  
  51  6:37  Zergling x2  
  51  6:39  Zergling x2  
Show
View Real Time Build Order
Export as new Build Order

Van Zerg - Winner!

Build Orders: Pool First 

Get SALT Encoding   

  12  0:00  Drone  
  13  0:13  Overlord  
  13  0:17  Drone  
  14  0:31  Drone x2  
  16  0:40  Spawning Pool  
  15  0:44  Drone  
  15  0:47  Drone  
  17  1:07  Hatchery  
  17  1:11  Drone  
  17  1:25  Extractor  
  16  1:27  Zergling x4  
  16  1:28  Zergling x2  
  16  1:31  Queen  
  21  1:39  Overlord  
  21  1:50  Drone  
  22  2:01  Spine Crawler  
  22  2:02  Zergling x2  
  22  2:07  Queen  
  24  2:16  Zergling x2  
  24  2:19  Queen  
  26  2:25  Zergling x4  
  27  2:43  Queen  
  27  2:55  Queen  
  26  2:58  Zergling x4  
  28  3:07  Zergling x2  
  27  3:15  Spine Crawler  
  27  3:18  Queen  
  27  3:30  Queen  
  27  3:37  Drone x3  
  30  3:46  Spine Crawler  
  29  3:52  Drone x2  
  31  4:03  Overlord  
  31  4:08  Drone x3  
  31  4:11  Drone  
  31  4:13  Drone  
  34  4:19  Overlord  
  34  4:21  Drone  
  35  4:28  Drone x3  
  38  4:33  Drone x2  
  40  4:39  Drone x2  
  40  4:42  Drone  
  43  4:48  Lair  
  43  4:50  Drone  
  44  4:53  Drone  
  45  5:00  Evolution Chamber  
  45  5:03  Drone  
  45  5:04  Roach Warren  
  44  5:08  Extractor  
  44  5:09  Drone x2  
  44  5:10  Extractor  
  44  5:11  Drone x2  
  46  5:17  Overlord  
  46  5:20  Drone x2  
  48  5:21  Drone  
  48  5:23  Drone  
  48  5:28  Drone  
  51  5:30  Drone  
  52  5:44  Hatchery  
  52  5:47  Overseer  
  52  5:49  Roach x2  
  55  5:50  Overlord  
  55  5:59  Roach  
  55  6:01  Overlord  
  55  6:03  Roach  
  59  6:07  Overlord  
  59  6:10  Roach  
  61  6:13  Roach x2  
  61  6:17  Roach  
  67  6:19  Roach  
  67  6:20  Roach  
  67  6:25  Roach x2  
  75  6:28  Roach  
  77  6:33  Evolution Chamber  
  77  6:35  Roach x2  
  84  6:53  Roach Warren  

Tags
 
Add a new tag
Caveats
  • Supply blocks, unpowered buildings, or Contaminate may cause inaccurate times.
  • Supply counts are checked every 10 seconds.